cohdb
Replays
Latest Replays
All Replays
Popular Replays
Top Player Replays
Match Explorer
How It Works
Community
CoH3 Stats
Reddit
Sign in to upload your games and track your stats! →
Sign in with Steam
Match 47143587
Unlisted
Match 47143587
Overview
Messages
Build Orders
End
Selects Australian Defense Battlegroup
Selects Australian Light Infantry Section
Australian Light Infantry Section
Construct Section Command Post
Infantry Section
ML 3-inch Mortar Team
Infantry Section
Construct Platoon Command Post
CMP 15cwt Truck
Grenade Package
Unlock Bishop Self-propelled Artillery
Bishop Self-propelled Artillery
A_Smoove
Dragon_Man
FreakierFour
hifuj1335
Carl
Wigger time
<Alpha>saltingfish
MD
0
0
Comments
sign in to comment!
No comments posted yet!